 Dungeon Crawl Stone Soup version 0.27.0-1-g7a089689b8 (webtiles) character file.

Game seed: 7112660105658214467

256 horus123 the Conjurer (level 5, -1/28 HPs)
             Began as a Deep Elf Conjurer on Aug 4, 2021.
             Slain by a black bear (5 damage)
             ... on level 4 of the Dungeon.
             The game lasted 00:15:13 (4749 turns).

horus123 the Conjurer (Deep Elf Conjurer)           Turns: 4749, Time: 00:15:14

Health: -1/28      AC:  2    Str:  4    XL:     5   Next: 92%
Magic:  6/14       EV: 13    Int: 24    God:
Gold:   93         SH:  0    Dex: 13    Spells: 1/13 levels left

rFire    . . .     SeeInvis .   i - +0 long sword
rCold    . . .     Faith    .   (no shield)
rNeg     . . .     Spirit   .   a - +0 robe
rPois    .         Reflect  .   (no helmet)
rElec    .         Harm     .   (no cloak)
rCorr    .         Rampage  .   (no gloves)
Will     .....                  (no boots)
Stlth    ++........             (no amulet)
HPRegen  0.09/turn              (no ring)
MPRegen  0.14/turn              (no ring)

@: no status effects
A: no striking features
a: no special abilities


You were on level 4 of the Dungeon.
You visited 1 branch of the dungeon, and saw 4 of its levels.

You collected 93 gold pieces.

Inventory:

Hand Weapons
 i - a +0 long sword (weapon)
Armour
 a - a +0 robe (worn)
Scrolls
 k - a scroll of teleportation
 l - 2 scrolls of noise {unknown}
Potions
 b - 2 potions of flight {unknown}
 c - a potion of attraction {unknown}
 d - 2 potions of mutation {unknown}
 e - 2 potions of might {unknown}
 f - a potion of haste {unknown}
 g - 3 potions of lignification {unknown}
 h - 4 potions of curing {unknown}
 j - 2 potions of brilliance {unknown}


   Skills:
 + Level 0.8 Fighting
 + Level 0.6 Long Blades
 + Level 3.5 Dodging
 + Level 3.3 Stealth
 + Level 4.9 Spellcasting
 + Level 6.0 Conjurations
 + Level 0.6 Hexes


You had one spell level left.
You knew the following spells:

 Your Spells              Type           Power      Damage    Failure   Level
a - Magic Dart            Conj           100%       1d8       1%          1
b - Searing Ray           Conj           70%        3d5       1%          2
c - Dazzling Flash        Conj/Hex       44%        N/A       7%          3
d - Static Discharge      Conj/Air       20%        N/A       3%          2
e - Fulminant Prism       Conj/Hex       11%        3d9       22%         4

Your spell library contained the following spells:

 Spells                   Type           Power      Damage    Failure   Level
 Ensorcelled Hibernation  Hex/Ice        14%        N/A       12%         2
 Ozocubu's Armour         Ice            5%         N/A       26%         3
 Spider Form              Tmut/Pois      2%         N/A       26%         3
 Iskenderun's Mystic Bla  Conj/Tloc      20%        2d6       26%         4
 Lightning Bolt           Conj/Air       10%        1d23      56%         5
 Silence                  Hex/Air        3%         N/A       91%         5
 Agony                    Necr           5%         N/A       94%         5
 Shadow Creatures         Summ           N/A        N/A       100%        6
 Ozocubu's Refrigeration  Ice            2%         4d5       100%        7
 Maxwell's Capacitive Co  Air            2%         ∞         100%        8


Dungeon Overview and Level Annotations

Branches:
Dungeon (4/15)
 Temple: D:4-7

Altars:
Uskayaw


Message History

Casting: Magic Dart (safe; 1% risk of failure)
Confirm with . or Enter, or press ? or * to list all spells.
You can't see any susceptible monsters within range! (Use Z to cast anyway.) Unknown command.
Casting: Magic Dart (safe; 1% risk of failure)
Confirm with . or Enter, or press ? or * to list all spells.
The spell is extremely dangerous to cast (22% risk of failure)!
Continue anyway?
Aiming: Fulminant Prism (extremely dangerous; 22% risk of failure)
Press: ? - help, Dir - move target You conjure a prism of explosive energy!
A fulminant prism comes into view.
Your fulminant prism crackles loudly.
Your fulminant prism explodes!
You hear a shout!
Casting: Fulminant Prism (extremely dangerous; 22% risk of failure)
Confirm with . or Enter, or press ? or * to list all spells.
Aiming: Searing Ray (safe; 1% risk of failure)
Press: ? - help, Shift-Dir - straight line, f - black bear
Aim: a black bear (86% to hit)
The searing ray misses the black bear. (Press . to maintain the ray.)
The searing ray hits the black bear.
The black bear is lightly wounded.
An ufetubus comes into view.
The black bear barely misses you. x2; The black bear claws you.
The searing ray hits the black bear!
The black bear is heavily wounded.
The black bear closely misses you. The black bear claws you. x2
The searing ray hits the black bear.
The black bear is severely wounded.
You finish channeling your searing ray.
The black bear bites you! The black bear barely misses you.
The black bear completely misses you.
A hound skeleton comes into view.
An orc comes into view. It is wielding a +0 whip.
The black bear bites you!
* * * LOW HITPOINT WARNING * * *
The black bear claws you.
* * * LOW HITPOINT WARNING * * *
The black bear claws you.
You die...

#. #. ##.####
#.....# #.....#
#.....#####
###....@#...#
o......h#...##
.............##
.#..5..........
#.....<#......
#......#......
........#......
.Z..##### #####
###.


You could see a black bear, an orc, an ufetubus and a hound skeleton
(wandering).

Vanquished Creatures
  An orc wizard (D:3)
  10 adders
  3 gnolls (D:2)
  A worm (D:2)
  4 dart slugs
  8 orcs (D:3)
  9 endoplasms
  2 giant cockroaches (D:3)
  9 goblins
  10 hobgoblins
  7 jackals
  A quokka (D:2)
  8 ball pythons
  6 bats
  6 frilled lizards (D:1)
  5 kobolds
  5 rats
95 creatures vanquished.

Vanquished Creatures (others)
  A fulminant prism (D:4)
1 creature vanquished.

Grand Total: 96 creatures vanquished

Notes
Turn   | Place    | Note
-------+----------+-------------------------------------------
     0 | D:1      | horus123 the Deep Elf Conjurer began the quest for the Orb.
     0 | D:1      | Reached XP level 1. HP: 10/10 MP: 6/6
   245 | D:1      | Reached XP level 2. HP: 15/15 MP: 4/8
   291 | D:1      | Found a faded altar of an unknown god.
   295 | D:1      | Learned a level 2 spell: Searing Ray
   647 | D:1      | Reached skill level 5 in Conjurations
   673 | D:1      | Reached XP level 3. HP: 19/19 MP: 1/9
  1855 | D:2      | Reached XP level 4. HP: 24/24 MP: 9/11
  1859 | D:2      | Learned a level 3 spell: Dazzling Flash
  2952 | D:3      | Reached XP level 5. HP: 6/28 MP: 2/13
  3935 | D:3      | Reached skill level 6 in Conjurations
  4397 | D:3      | Learned a level 2 spell: Static Discharge
  4406 | D:3      | Learned a level 4 spell: Fulminant Prism
  4656 | D:3      | Found a hide-covered altar of Uskayaw.
  4740 | D:4      | Noticed a black bear
  4749 | D:4      | Slain by a black bear

Illustrated notes

Levels and vault maps discovered:
D:1:      ebering_trefoil_twist, layout_basic, ebering_ecumenical_altar_hall,
          minivault_27, minmay_octomino_e4
D:2:      kennysheep_big_flooded_room, layout_basic
D:3:      layout_basic, marbit_many_paths, minmay_snake_closets
D:4:      cheibrodos_fertilizer, layout_rooms, nicolae_tso_swordbearing_angel

Skill      XL: |  1  2  3  4  5 |
---------------+----------------+-----
Conjurations   | 5 6 |  6.0
Stealth        | 3 |  3.3
Spellcasting   | 4 |  4.9
Dodging        | 3 |  3.5
Fighting       | |  0.8
Long Blades    | |  0.6
Hexes          | |  0.6

Action                   |  1- 3 |  4- 6 || total
-------------------------+-------+-------++-------
Melee: Long sword        |       |    34 ||    34
 Cast: Magic Dart        |    78 |    62 ||   140
       Dazzling Flash    |       |    11 ||    11
       Searing Ray       |       |    11 ||    11
       Fulminant Prism   |       |     1 ||     1
  Use: Scroll            |       |     2 ||     2
 Stab: Sleeping          |       |     1 ||     1
       Invisible         |       |     2 ||     2
Armor: Robe              |     2 |     7 ||     9
Dodge: Dodged            |     1 |    71 ||    72
       Rpst.: Long sword |     1 |    21 ||    22
